Diables vs Mustangs
Created - December 4, 2018 at 19:06
Goals
|
| Diables |
1 |
1 |
2 |
4 |
| Mustangs |
5 |
2 |
2 |
9 |
|
Shots
|
| Diables |
14 |
11 |
9 |
34 |
| Mustangs |
14 |
8 |
9 |
31 |
|
1st period
1. Diables , Mark Fraser 3 (Nick Bjugstad 22, Jordan Caron 12) at 3:43 (PP)
2. Mustangs , Tomas Tatar 20 (Andrew Shaw 19, David Desharnais 4) at 3:56
3. Mustangs , Pascal Dupuis 1 (Stefan Matteau 2) at 5:03
4. Mustangs , JT Compher 9 (Jim O'Brien 16, Jerome Samson 3) at 12:59
5. Mustangs , JT Compher 10 (Jim O'Brien 17, Mark Pysyk 9) at 13:49
6. Mustangs , Stefan Matteau 4 (Mark Pysyk 10) at 15:24
Penalties :
David Desharnais (Ham) for Goalie Interference (Minor) at 2:23, Andrew Shaw (Ham) for Hooking (Minor) at 19:11
2nd period
7. Mustangs , Jerome Samson 3 (Jim O'Brien 18) at 10:12
8. Diables , Taylor Beck 8 (Tim Schaller 21, Carl Gunnarsson 12) at 10:46
9. Mustangs , Francis Paré 4 (Brady Skjei 14, JT Compher 5) at 18:12
Penalties :
Stefan Matteau (Ham) for High sticking (Minor) at 12:49
3rd period
10. Diables , Tim Schaller 11 (Taylor Beck 11, Carl Gunnarsson 13) at 1:10 (PP)
11. Mustangs , Pascal Dupuis 2 (Joshua Leivo 11) at 1:41
12. Diables , Taylor Beck 9 (Brian Dumoulin 7, Tim Schaller 22) at 10:55 (PP)
13. Mustangs , Andrew Shaw 13 (Mark Pysyk 11, Tomas Tatar 17) at 19:43 (PP)
Penalties :
Tomas Tatar (Ham) for Holding (Minor) at 0:56, Taylor Beck (Alm) for High sticking (Minor) at 2:54, Jim O'Brien (Ham) for Roughing (Double Minor) at 10:48, Jordan Caron (Alm) for Hooking (Minor) at 18:32
Goalie Stats
Malcolm Subban (Alm), 13 saves from 18 shots - (0.722), 32:08 minutes
Garret Sparks (Alm), 9 saves from 13 shots - (0.692), L, 3-5-0, 27:52 minutes
Chet Pickard (Ham), 30 saves from 34 shots - (0.882), W, 11-3-2, 60:00 minutes
Players Stats for Diables
Player Name G A P +/- PIM S H SB GA TA FO MP PP MP PK MP
------------------------------------------------------------------------------------
Artturi Lehkonen 0 0 0 -2 0 0 0 0 0 0 0/0 12:29 0:18 0:00
Brandon Burlon 0 0 0 -2 0 2 3 2 0 1 0/0 24:40 4:24 1:52
Brian Dumoulin 0 1 1 -3 0 2 2 2 0 1 0/0 18:47 3:14 1:18
Carl Gunnarsson 0 2 2 -2 0 2 0 2 0 0 0/0 24:40 4:24 1:52
Chris Bigras 0 0 0 0 0 1 1 0 0 0 0/0 6:17 0:00 0:00
Christian Thomas 0 0 0 -3 0 0 2 0 0 0 0/0 18:17 2:50 0:29
Craig Smith 0 0 0 -2 0 4 2 2 1 1 1/5 24:59 4:02 1:48
Daniel Zaar 0 0 0 0 0 0 0 0 0 0 0/0 3:22 0:28 0:00
Elias Lindholm 0 0 0 -2 0 0 0 0 0 1 0/2 7:55 0:00 0:00
Jeff Petry 0 0 0 -2 0 0 0 1 0 0 0/0 10:16 0:00 0:00
Jordan Caron 0 1 1 -3 2 4 0 0 0 0 0/0 18:12 2:50 0:32
Keith Seabrook 0 0 0 0 0 0 0 0 0 0 0/0 6:17 0:00 0:00
Louis Leblanc 0 0 0 -2 0 2 1 0 1 0 2/6 12:29 0:18 0:00
Mark Fraser 1 0 1 -3 0 3 1 0 0 1 0/0 18:47 3:14 1:18
Michal Repik 0 0 0 -2 0 0 0 1 1 0 0/0 9:15 0:23 0:50
Mikko Lehtonen 0 0 0 -2 0 1 4 0 0 0 0/0 12:57 0:46 0:00
Nick Bjugstad 0 1 1 -3 0 4 0 0 0 0 5/8 18:35 2:55 0:49
Pavel Valentenko 0 0 0 -2 0 0 1 0 1 1 0/0 10:16 0:00 0:00
Taylor Beck 2 1 3 0 2 5 1 0 1 2 1/2 18:16 4:02 0:00
Tim Schaller 1 2 3 0 0 4 0 0 0 0 16/34 20:02 4:02 1:52
Players Stats for Mustangs
Player Name G A P +/- PIM S H SB GA TA FO MP PP MP PK MP
------------------------------------------------------------------------------------
Alexei Marchenko 0 0 0 4 0 1 0 2 0 1 0/0 21:04 1:08 3:08
Andrew Shaw 1 1 2 1 2 2 2 0 0 0 0/1 21:00 1:46 3:00
Ben Harpur 0 0 0 2 0 1 1 0 0 0 0/0 12:34 0:00 0:00
Brady Skjei 0 1 1 1 0 3 1 4 0 2 0/0 26:22 2:02 4:30
Curtis Hamilton 0 0 0 1 0 0 1 0 0 0 0/0 8:19 0:00 0:00
David Desharnais 0 1 1 1 2 2 0 2 2 0 21/34 19:14 1:46 1:45
Derek Joslin 0 0 0 1 0 0 0 0 0 1 0/0 26:22 2:02 4:30
Francis Paré 1 0 1 1 0 1 1 0 0 0 0/0 8:19 0:00 0:00
Jerome Samson 1 1 2 3 0 1 0 1 1 0 1/1 10:52 0:00 0:00
Jim O'Brien 0 3 3 3 4 2 0 0 1 0 5/9 14:45 0:00 3:31
Joshua Leivo 0 1 1 2 0 0 2 0 0 0 0/0 16:37 1:24 1:03
JT Compher 2 1 3 3 0 3 1 1 0 0 0/0 10:52 0:00 0:00
Mark Pysyk 0 3 3 4 0 4 4 2 0 0 0/0 21:04 1:08 3:08
Michael McCarron 0 0 0 1 0 0 1 0 0 0 0/0 8:42 0:00 0:06
Pascal Dupuis 2 0 2 2 0 6 1 0 1 1 0/0 15:40 1:24 0:47
Scott Mayfield 0 0 0 2 0 0 1 0 0 0 0/0 12:34 0:00 0:00
Stefan Matteau 1 1 2 2 2 2 4 2 0 0 5/12 16:53 1:24 1:29
Tomas Tatar 1 1 2 1 2 3 2 0 3 0 0/0 21:04 1:46 3:35
3 Stars
1 - JT Compher (Ham)
2 - Mark Pysyk (Ham)
3 - Pascal Dupuis (Ham)
Power Play
Diables - 3 on 6 Attempt(s) - 50.00%
Mustangs - 1 on 2 Attempt(s) - 50.00%
Penalty Kill
Diables - 1 on 2 Attempt(s) - 50.00%
- Score 0 goal in Penalty Kill
Mustangs - 3 on 6 Attempt(s) - 50.00%
- Score 0 goal in Penalty Kill
Team Stat
Diables - Hits : 18 - Faceoff Wins : 25 - Blocked Shots : 10 - Penalty Minutes : 4
Mustangs - Hits : 22 - Faceoff Wins : 32 - Blocked Shots : 14 - Penalty Minutes : 12
Official
Referees : Unknown
Linesman : Unknown
Game Notes
Garret Sparks enters game at 13:49 of 1st period
Malcolm Subban enters game at 1:41 of 3rd period
Finance
Level 1 -- Attendance: 1355 (67.75%) -- Ticket Income $54,200
Level 2 -- Attendance: 773 (77.30%) -- Ticket Income $15,460
Total Attendance: 2128 (70.93%)
Total Ticket Income: $69,660
Other Income: $3,483
Total Income: $73,143
Diables
5 vs 5 Forward
Center Left Wing Right Wing Time % Phy DF OF
1 Tim Schaller Taylor Beck Craig Smith 40 1 2 2
2 Nick Bjugstad Christian Thomas Jordan Caron 30 1 2 2
3 Louis Leblanc Artturi Lehkonen Mikko Lehtonen 20 1 2 2
4 Elias Lindholm Craig Smith Michal Repik 10 1 2 2
5 vs 5 Defense
Defense Defense Time % Phy DF OF
1 Brandon Burlon Carl Gunnarsson 40 1 2 2
2 Brian Dumoulin Mark Fraser 30 1 2 2
3 Pavel Valentenko Jeff Petry 20 1 2 2
4 Keith Seabrook Chris Bigras 10 1 2 2
PowerPlay Forward
Center Left Wing Right Wing Time % Phy DF OF
1 Tim Schaller Taylor Beck Craig Smith 60 1 2 2
2 Nick Bjugstad Christian Thomas Jordan Caron 40 1 2 2
PowerPlay Defense
Defense Defense Time % Phy DF OF
1 Brandon Burlon Carl Gunnarsson 60 1 2 2
2 Brian Dumoulin Mark Fraser 40 1 2 2
Penalty Kill 4 Players Forward
Center Wing Time % Phy DF OF
1 Craig Smith Tim Schaller 60 1 2 2
2 Nick Bjugstad Jordan Caron 40 1 2 2
Penalty Kill 4 Players Defense
Defense Defense Time % Phy DF OF
1 Brandon Burlon Carl Gunnarsson 60 1 2 2
2 Brian Dumoulin Mark Fraser 40 1 2 2
Penalty Kill - 3 Players Forward
Forward Time % Phy DF OF
1 Craig Smith 60 1 2 2
2 Tim Schaller 40 1 2 2
Penalty Kill - 3 Players Defense
Defense Defense Time % Phy DF OF
1 Brandon Burlon Carl Gunnarsson 60 1 2 2
2 Brian Dumoulin Mark Fraser 40 1 2 2
4 vs 4 Forward
Center Wing Time % Phy DF OF
1 Craig Smith Tim Schaller 60 1 2 2
2 Nick Bjugstad Jordan Caron 40 1 2 2
4 vs 4 Defense
Defense Defense Time % Phy DF OF
1 Brandon Burlon Carl Gunnarsson 60 1 2 2
2 Brian Dumoulin Mark Fraser 40 1 2 2
Last Minutes Offensive
Center Left Wing Right Wing Defense Defense
Tim Schaller Taylor Beck Craig Smith Brandon Burlon Carl Gunnarsson
Last Minutes Defensive
Center Left Wing Right Wing Defense Defense
Tim Schaller Taylor Beck Craig Smith Brandon Burlon Carl Gunnarsson
Goaltenders
Starting : Malcolm Subban
Backup : Garret Sparks
Extra Forwards
Normal : Daniel Zaar, Mikko Lehtonen, Michal Repik - PP : Daniel Zaar, Mikko Lehtonen - PK : Michal Repik
Extra Defensemen
Normal : Pavel Valentenko, Jeff Petry, Keith Seabrook - PP : Pavel Valentenko - PK : Jeff Petry, Keith Seabrook
Penalty Shots
Craig Smith, Tim Schaller, Nick Bjugstad, Jordan Caron, Taylor Beck
Scratches
Brandon Prust (Sprained Left Ankle Injury), Stephen Harper (Healthy), Emil Djuse (Healthy), Gemel Smith (Healthy), Jamie Oleksiak (Left Knee Injury)
Matt Lindblad (Healthy), Cole Cassels (Healthy), Jeremy Gregoire (Healthy), Scott Harrington (Healthy), Connor Hurley (Healthy)
Gustav Olofsson (Healthy), Andreas Johnsson (Healthy), Brett Ritchie (Healthy), Andrew O'Brien (Healthy), Marc-André Bourdon (Healthy)
Linus Ullmark (Healthy), Jack Campbell (Healthy)
Mustangs
5 vs 5 Forward
Center Left Wing Right Wing Time % Phy DF OF
1 David Desharnais Tomas Tatar Andrew Shaw 40 1 2 2
2 Stefan Matteau Joshua Leivo Pascal Dupuis 30 1 2 2
3 Jim O'Brien JT Compher Jerome Samson 20 1 2 2
4 Michael McCarron Curtis Hamilton Francis Paré 10 1 2 2
5 vs 5 Defense
Defense Defense Time % Phy DF OF
1 Brady Skjei Derek Joslin 44 1 2 2
2 Mark Pysyk Alexei Marchenko 33 1 2 2
3 Scott Mayfield Ben Harpur 23 1 2 2
4 Brady Skjei Derek Joslin 0 1 2 2
PowerPlay Forward
Center Left Wing Right Wing Time % Phy DF OF
1 David Desharnais Tomas Tatar Andrew Shaw 60 1 2 2
2 Stefan Matteau Joshua Leivo Pascal Dupuis 40 1 2 2
PowerPlay Defense
Defense Defense Time % Phy DF OF
1 Brady Skjei Derek Joslin 60 1 2 2
2 Mark Pysyk Alexei Marchenko 40 1 2 2
Penalty Kill 4 Players Forward
Center Wing Time % Phy DF OF
1 Jim O'Brien Andrew Shaw 60 1 2 2
2 Pascal Dupuis Tomas Tatar 40 1 2 2
Penalty Kill 4 Players Defense
Defense Defense Time % Phy DF OF
1 Brady Skjei Derek Joslin 60 1 2 2
2 Mark Pysyk Alexei Marchenko 40 1 2 2
Penalty Kill - 3 Players Forward
Forward Time % Phy DF OF
1 Jim O'Brien 60 1 2 2
2 Tomas Tatar 40 1 2 2
Penalty Kill - 3 Players Defense
Defense Defense Time % Phy DF OF
1 Brady Skjei Derek Joslin 60 1 2 2
2 Mark Pysyk Alexei Marchenko 40 1 2 2
4 vs 4 Forward
Center Wing Time % Phy DF OF
1 David Desharnais Tomas Tatar 60 1 2 2
2 Stefan Matteau Joshua Leivo 40 1 2 2
4 vs 4 Defense
Defense Defense Time % Phy DF OF
1 Brady Skjei Derek Joslin 60 1 2 2
2 Mark Pysyk Alexei Marchenko 40 1 2 2
Last Minutes Offensive
Center Left Wing Right Wing Defense Defense
David Desharnais Tomas Tatar Andrew Shaw Brady Skjei Derek Joslin
Last Minutes Defensive
Center Left Wing Right Wing Defense Defense
Jim O'Brien Tomas Tatar Pascal Dupuis Brady Skjei Derek Joslin
Goaltenders
Starting : Chet Pickard
Backup : Joacim Eriksson
Extra Forwards
Normal : David Desharnais, Stefan Matteau, Jim O'Brien - PP : Tomas Tatar, Joshua Leivo - PK : Jim O'Brien
Extra Defensemen
Normal : Brady Skjei, Mark Pysyk, Scott Mayfield - PP : Brady Skjei - PK : Derek Joslin, Alexei Marchenko
Penalty Shots
Andrew Shaw, Joshua Leivo, JT Compher, Pascal Dupuis, Stefan Matteau
Scratches
Ryan Graves (Healthy), Josh Jooris (Broken Left Foot Toe Injury), Eric Knodel (Healthy), Matthew Finn (Healthy), Danny Biega (Healthy)
Kurtis Gabriel (Healthy), Raphael Bussieres (Healthy), Dakota Mermis (Healthy), Sam Kurker (Healthy), Max Gortz (Healthy)
Riley Nash (Healthy), Anthony Stolarz (Healthy)
% Time on Ice - Diables
Lines # - Real PCT - Wanted PCT - Time Play
Normal Forward
1 - 29% - 40% - 14:15
2 - 30% - 30% - 14:51
3 - 25% - 20% - 12:11
4 - 16% - 10% - 7:55
Normal Defense
1 - 37% - 40% - 18:24
2 - 29% - 30% - 14:15
3 - 21% - 20% - 10:16
4 - 13% - 10% - 6:17
PP Forward
1 - 57% - 60% - 4:20
2 - 43% - 40% - 3:18
PP Defense
1 - 58% - 60% - 4:24
2 - 42% - 40% - 3:14
PK Forward
1 - 74% - 60% - 2:21
2 - 26% - 40% - 0:49
PK Defense
1 - 59% - 60% - 1:52
2 - 41% - 40% - 1:18
PK3 Forward
1 - 0% - 60%
2 - 0% - 40%
PK3 Defense
1 - 0% - 60%
2 - 0% - 40%
44 Forward
1 - 0% - 60%
2 - 0% - 40%
44 Defense
1 - 0% - 60%
2 - 0% - 40%
Last Minute Offensive - 0:00
Last Minute Defensive - 0:00
Total
Forward - 60:00
Defense - 60:00
|
% Time on Ice - Mustangs
Lines # - Real PCT - Wanted PCT - Time Play
Normal Forward
1 - 34% - 40% - 16:32
2 - 27% - 30% - 13:29
3 - 22% - 20% - 10:52
4 - 17% - 10% - 8:19
Normal Defense
1 - 40% - 44% - 19:50
2 - 34% - 33% - 16:48
3 - 26% - 23% - 12:34
4 - 0% - 0% - 0:00
PP Forward
1 - 56% - 60% - 1:46
2 - 44% - 40% - 1:24
PP Defense
1 - 64% - 60% - 2:02
2 - 36% - 40% - 1:08
PK Forward
1 - 90% - 60% - 6:51
2 - 10% - 40% - 0:47
PK Defense
1 - 59% - 60% - 4:30
2 - 41% - 40% - 3:08
PK3 Forward
1 - 0% - 60%
2 - 0% - 40%
PK3 Defense
1 - 0% - 60%
2 - 0% - 40%
44 Forward
1 - 0% - 60%
2 - 0% - 40%
44 Defense
1 - 0% - 60%
2 - 0% - 40%
Last Minute Offensive - 0:00
Last Minute Defensive - 0:00
Total
Forward - 60:00
Defense - 60:00
|
Play by Play
1st period
0:01 of 1st period - David Desharnais wins face-off versus Tim Schaller in neutral zone.
1:01 of 1st period - Wrist shot by Jim O'Brien.
1:01 of 1st period - Deflect By JT Compher.
1:01 of 1st period - Stopped by Malcolm Subban with a rebound.
1:17 of 1st period - Snap shot by Francis Paré.
1:17 of 1st period - Shot Misses the Net.
1:19 of 1st period - Slapshot by Mark Pysyk.
1:19 of 1st period - Shot Blocked by Brian Dumoulin.
1:21 of 1st period - Slapshot by Alexei Marchenko.
1:21 of 1st period - Deflect By Francis Paré.
1:21 of 1st period - Shot Misses the Net.
1:21 of 1st period - Puck is out of play.
1:22 of 1st period - Nick Bjugstad wins face-off versus David Desharnais in Diables zone.
1:49 of 1st period - Craig Smith is hit by Stefan Matteau and loses puck.
2:13 of 1st period - Snap shot by Michal Repik.
2:13 of 1st period - Shot Blocked by Alexei Marchenko.
2:15 of 1st period - Slapshot by Carl Gunnarsson.
2:15 of 1st period - Deflect By Mark Pysyk.
2:15 of 1st period - Stopped by Chet Pickard without a rebound.
2:16 of 1st period - David Desharnais wins face-off versus Elias Lindholm in Mustangs zone.
2:16 of 1st period - David Desharnais is hit by Craig Smith.
2:23 of 1st period - Minor Penalty to David Desharnais for Goalie Interference.
2:24 of 1st period - Tim Schaller wins face-off versus Jim O'Brien in Mustangs zone.
2:49 of 1st period - Jordan Caron is hit by Tomas Tatar and loses puck.
3:09 of 1st period - Off-side.
3:10 of 1st period - Jim O'Brien wins face-off versus Tim Schaller in neutral zone.
3:41 of 1st period - Wrist shot by Nick Bjugstad.
3:41 of 1st period - Shot Misses the Net.
3:43 of 1st period - Slapshot by Mark Fraser.
3:43 of 1st period - Goal by Mark Fraser - Diables : 1 - Mustangs : 0.
3:44 of 1st period - David Desharnais wins face-off versus Tim Schaller in neutral zone.
3:46 of 1st period - Off-side.
3:47 of 1st period - David Desharnais wins face-off versus Tim Schaller in neutral zone.
3:54 of 1st period - Wrist shot by Andrew Shaw.
3:54 of 1st period - Shot Blocked by Craig Smith.
3:56 of 1st period - Slapshot by Tomas Tatar.
3:56 of 1st period - Goal by Tomas Tatar - Diables : 1 - Mustangs : 1.
3:57 of 1st period - Tim Schaller wins face-off versus Stefan Matteau in neutral zone.
4:22 of 1st period - Brian Dumoulin is hit by JT Compher and loses puck.
4:47 of 1st period - Wrist shot by Jordan Caron.
4:47 of 1st period - Shot Misses the Net.
4:49 of 1st period - Wrist shot by Jordan Caron.
4:49 of 1st period - Shot Misses the Net.
4:51 of 1st period - Slapshot by Mark Fraser.
4:51 of 1st period - Stopped by Chet Pickard with a rebound.
4:53 of 1st period - Slapshot by Mark Fraser.
4:53 of 1st period - Deflect By Jordan Caron.
4:53 of 1st period - Shot Misses the Net.
4:53 of 1st period - Puck is out of play.
4:54 of 1st period - Stefan Matteau wins face-off versus Nick Bjugstad in Mustangs zone.
5:03 of 1st period - Slapshot by Pascal Dupuis.
5:03 of 1st period - Goal by Pascal Dupuis - Diables : 1 - Mustangs : 2.
5:04 of 1st period - Nick Bjugstad wins face-off versus David Desharnais in neutral zone.
5:29 of 1st period - Louis Leblanc is hit by Scott Mayfield and loses puck.
5:57 of 1st period - Wrist shot by Taylor Beck.
5:57 of 1st period - Shot Blocked by Brady Skjei.
5:59 of 1st period - Slapshot by Brandon Burlon.
5:59 of 1st period - Stopped by Chet Pickard with a rebound.
6:01 of 1st period - Snap shot by Craig Smith.
6:01 of 1st period - Shot Misses the Net.
6:05 of 1st period - Snap shot by Craig Smith.
6:05 of 1st period - Shot Blocked by Brady Skjei.
6:07 of 1st period - Slapshot by Carl Gunnarsson.
6:07 of 1st period - Deflect By Brady Skjei.
6:07 of 1st period - Stopped by Chet Pickard with a rebound.
7:50 of 1st period - Brian Dumoulin is hit by Ben Harpur and loses puck.
8:11 of 1st period - Snap shot by Pascal Dupuis.
8:11 of 1st period - Shot Misses the Net.
8:28 of 1st period - Wrist shot by Pascal Dupuis.
8:28 of 1st period - Stopped by Malcolm Subban without a rebound.
8:29 of 1st period - David Desharnais wins face-off versus Elias Lindholm in Diables zone.
8:38 of 1st period - Snap shot by Tomas Tatar.
8:38 of 1st period - Stopped by Malcolm Subban without a rebound.
8:39 of 1st period - David Desharnais wins face-off versus Nick Bjugstad in Diables zone.
8:40 of 1st period - Snap shot by Andrew Shaw.
8:40 of 1st period - Shot Misses the Net.
8:52 of 1st period - Backhand shot by Jordan Caron.
8:52 of 1st period - Shot Blocked by David Desharnais.
8:54 of 1st period - Slapshot by Jordan Caron.
8:54 of 1st period - Deflect By Nick Bjugstad.
8:54 of 1st period - Stopped by Chet Pickard without a rebound.
8:55 of 1st period - Stefan Matteau wins face-off versus Tim Schaller in Mustangs zone.
9:20 of 1st period - Alexei Marchenko is hit by Brandon Burlon and loses puck.
9:25 of 1st period - Snap shot by Jordan Caron.
9:25 of 1st period - Stopped by Chet Pickard with a rebound.
9:27 of 1st period - Slapshot by Nick Bjugstad.
9:27 of 1st period - Stopped by Chet Pickard without a rebound.
9:28 of 1st period - David Desharnais wins face-off versus Louis Leblanc in Mustangs zone.
9:28 of 1st period - David Desharnais is hit by Brian Dumoulin.
9:56 of 1st period - Slapshot by David Desharnais.
9:56 of 1st period - Shot Misses the Net.
9:58 of 1st period - Slapshot by Brady Skjei.
9:58 of 1st period - Stopped by Malcolm Subban with a rebound.
10:00 of 1st period - Slapshot by Brady Skjei.
10:00 of 1st period - Deflect By Jerome Samson.
10:00 of 1st period - Shot Misses the Net.
10:00 of 1st period - Puck is out of play.
10:01 of 1st period - Jim O'Brien wins face-off versus Tim Schaller in Diables zone.
10:08 of 1st period - Snap shot by Jim O'Brien.
10:08 of 1st period - Shot Misses the Net.
10:10 of 1st period - Wrist shot by Jim O'Brien.
10:10 of 1st period - Shot Blocked by Craig Smith.
10:12 of 1st period - Slapshot by Mark Pysyk.
10:12 of 1st period - Stopped by Malcolm Subban without a rebound.
10:13 of 1st period - David Desharnais wins face-off versus Tim Schaller in Diables zone.
10:16 of 1st period - Snap shot by Andrew Shaw.
10:16 of 1st period - Deflect By David Desharnais.
10:16 of 1st period - Stopped by Malcolm Subban without a rebound.
10:17 of 1st period - Tim Schaller wins face-off versus Andrew Shaw in Diables zone.
10:30 of 1st period - Tim Schaller is hit by Andrew Shaw.
11:14 of 1st period - Snap shot by Jim O'Brien.
11:14 of 1st period - Stopped by Malcolm Subban with a rebound.
12:05 of 1st period - Snap shot by Jim O'Brien.
12:05 of 1st period - Stopped by Malcolm Subban with a rebound.
12:17 of 1st period - Keith Seabrook is hit by Stefan Matteau and loses puck.
12:26 of 1st period - Slapshot by Keith Seabrook.
12:26 of 1st period - Shot Misses the Net.
12:36 of 1st period - Mark Pysyk is hit by Chris Bigras and loses puck.
12:59 of 1st period - Wrist shot by JT Compher.
12:59 of 1st period - Goal by JT Compher - Diables : 1 - Mustangs : 3.
13:00 of 1st period - Nick Bjugstad wins face-off versus David Desharnais in neutral zone.
13:31 of 1st period - Slapshot by Tim Schaller.
13:31 of 1st period - Stopped by Chet Pickard with a rebound.
13:33 of 1st period - Wrist shot by Craig Smith.
13:33 of 1st period - Stopped by Chet Pickard with a rebound.
13:35 of 1st period - Slapshot by Brandon Burlon.
13:35 of 1st period - Shot Blocked by Alexei Marchenko.
13:49 of 1st period - Snap shot by JT Compher.
13:49 of 1st period - Goal by JT Compher - Diables : 1 - Mustangs : 4.
13:49 of 1st period - Garret Sparks enters game.
13:50 of 1st period - David Desharnais wins face-off versus Tim Schaller in neutral zone.
13:53 of 1st period - Carl Gunnarsson is hit by Andrew Shaw and loses puck.
14:00 of 1st period - Snap shot by Taylor Beck.
14:00 of 1st period - Deflect By Tim Schaller.
14:00 of 1st period - Stopped by Chet Pickard with a rebound.
14:02 of 1st period - Snap shot by Tim Schaller.
14:02 of 1st period - Shot Blocked by David Desharnais.
14:04 of 1st period - Slapshot by Brandon Burlon.
14:04 of 1st period - Deflect By Andrew Shaw.
14:04 of 1st period - Stopped by Chet Pickard with a rebound.
14:06 of 1st period - Wrist shot by Tim Schaller.
14:06 of 1st period - Shot Misses the Net.
14:16 of 1st period - Carl Gunnarsson is hit by Pascal Dupuis and loses puck.
15:08 of 1st period - Snap shot by Francis Paré.
15:08 of 1st period - Shot Misses the Net.
15:10 of 1st period - Slapshot by Alexei Marchenko.
15:10 of 1st period - Shot Misses the Net.
15:12 of 1st period - Slapshot by Alexei Marchenko.
15:12 of 1st period - Stopped by Garret Sparks with a rebound.
15:14 of 1st period - Slapshot by Mark Pysyk.
15:14 of 1st period - Shot Blocked by Brian Dumoulin.
15:24 of 1st period - Snap shot by Stefan Matteau.
15:24 of 1st period - Goal by Stefan Matteau - Diables : 1 - Mustangs : 5.
15:25 of 1st period - David Desharnais wins face-off versus Tim Schaller in neutral zone.
15:27 of 1st period - Off-side.
15:28 of 1st period - Tim Schaller wins face-off versus David Desharnais in neutral zone.
15:56 of 1st period - Slapshot by Jordan Caron.
15:56 of 1st period - Stopped by Chet Pickard with a rebound.
17:06 of 1st period - Tomas Tatar is hit by Pavel Valentenko and loses puck.
17:25 of 1st period - Snap shot by Louis Leblanc.
17:25 of 1st period - Shot Misses the Net.
17:39 of 1st period - Snap shot by Taylor Beck.
17:39 of 1st period - Deflect By Craig Smith.
17:39 of 1st period - Stopped by Chet Pickard with a rebound.
18:11 of 1st period - David Desharnais is hit by Brandon Burlon and loses puck.
18:36 of 1st period - Icing by Jim O'Brien.
18:37 of 1st period - Jerome Samson wins face-off versus Tim Schaller in Mustangs zone.
18:37 of 1st period - Jerome Samson is hit by Taylor Beck.
19:06 of 1st period - Snap shot by Jordan Caron.
19:06 of 1st period - Shot Misses the Net.
19:11 of 1st period - Minor Penalty to Andrew Shaw for Hooking.
19:12 of 1st period - Tim Schaller wins face-off versus Jim O'Brien in Mustangs zone.
Goals for this period are 1 for Diables vs 5 for Mustangs.
Shots for this period are 14 for Diables vs 14 for Mustangs.
2nd period
0:01 of 2nd period - Jim O'Brien wins face-off versus Taylor Beck in neutral zone.
1:11 of 2nd period - Penalty to Andrew Shaw is over, Andrew Shaw is back on ice.
1:15 of 2nd period - Joshua Leivo is hit by Louis Leblanc and loses puck.
1:24 of 2nd period - Snap shot by Mikko Lehtonen.
1:24 of 2nd period - Stopped by Chet Pickard with a rebound.
1:26 of 2nd period - Snap shot by Louis Leblanc.
1:26 of 2nd period - Stopped by Chet Pickard with a rebound.
1:28 of 2nd period - Wrist shot by Chris Bigras.
1:28 of 2nd period - Stopped by Chet Pickard with a rebound.
1:40 of 2nd period - Keith Seabrook is hit by Curtis Hamilton and loses puck.
2:20 of 2nd period - Tomas Tatar is hit by Brandon Burlon and loses puck.
3:01 of 2nd period - Slapshot by Carl Gunnarsson.
3:01 of 2nd period - Deflect By Louis Leblanc.
3:01 of 2nd period - Shot Misses the Net.
3:01 of 2nd period - Puck is out of play.
3:02 of 2nd period - Louis Leblanc wins face-off versus Stefan Matteau in Mustangs zone.
3:29 of 2nd period - Taylor Beck is hit by Francis Paré and loses puck.
3:53 of 2nd period - Alexei Marchenko is hit by Christian Thomas and loses puck.
4:33 of 2nd period - Slapshot by Louis Leblanc.
4:33 of 2nd period - Stopped by Chet Pickard without a rebound.
4:34 of 2nd period - Stefan Matteau wins face-off versus Louis Leblanc in Mustangs zone.
4:39 of 2nd period - Louis Leblanc is hit by Stefan Matteau and loses puck.
5:48 of 2nd period - Christian Thomas is hit by Michael McCarron and loses puck.
6:33 of 2nd period - Brandon Burlon is hit by Brady Skjei and loses puck.
7:08 of 2nd period - Slapshot by Mark Pysyk.
7:08 of 2nd period - Deflect By Michal Repik.
7:08 of 2nd period - Stopped by Garret Sparks with a rebound.
7:49 of 2nd period - Slapshot by Mark Fraser.
7:49 of 2nd period - Shot Misses the Net.
8:41 of 2nd period - Snap shot by Pascal Dupuis.
8:41 of 2nd period - Stopped by Garret Sparks with a rebound.
9:01 of 2nd period - Snap shot by Jim O'Brien.
9:01 of 2nd period - Shot Misses the Net.
9:03 of 2nd period - Wrist shot by Jim O'Brien.
9:03 of 2nd period - Shot Blocked by Brandon Burlon.
9:05 of 2nd period - Slapshot by Ben Harpur.
9:05 of 2nd period - Deflect By Jordan Caron.
9:05 of 2nd period - Stopped by Garret Sparks with a rebound.
9:19 of 2nd period - Snap shot by Nick Bjugstad.
9:19 of 2nd period - Stopped by Chet Pickard with a rebound.
9:33 of 2nd period - Backhand shot by Nick Bjugstad.
9:33 of 2nd period - Deflect By Christian Thomas.
9:33 of 2nd period - Shot Misses the Net.
9:33 of 2nd period - Puck is out of play.
9:34 of 2nd period - Louis Leblanc wins face-off versus David Desharnais in Mustangs zone.
10:08 of 2nd period - Slapshot by Jim O'Brien.
10:08 of 2nd period - Shot Hit the Post.
10:10 of 2nd period - Snap shot by Jim O'Brien.
10:10 of 2nd period - Shot Misses the Net.
10:12 of 2nd period - Snap shot by Jerome Samson.
10:12 of 2nd period - Goal by Jerome Samson - Diables : 1 - Mustangs : 6.
10:13 of 2nd period - Tim Schaller wins face-off versus David Desharnais in neutral zone.
10:22 of 2nd period - Wrist shot by Taylor Beck.
10:22 of 2nd period - Stopped by Chet Pickard without a rebound.
10:23 of 2nd period - Tim Schaller wins face-off versus David Desharnais in Mustangs zone.
10:32 of 2nd period - Wrist shot by Craig Smith.
10:32 of 2nd period - Shot Misses the Net.
10:34 of 2nd period - Slapshot by Tim Schaller.
10:34 of 2nd period - Shot Misses the Net.
10:36 of 2nd period - Wrist shot by Taylor Beck.
10:36 of 2nd period - Stopped by Chet Pickard without a rebound.
10:37 of 2nd period - Tim Schaller wins face-off versus Stefan Matteau in Mustangs zone.
10:40 of 2nd period - Wrist shot by Tim Schaller.
10:40 of 2nd period - Shot Blocked by Brady Skjei.
10:42 of 2nd period - Slapshot by Tim Schaller.
10:42 of 2nd period - Stopped by Chet Pickard with a rebound.
10:44 of 2nd period - Slapshot by Carl Gunnarsson.
10:44 of 2nd period - Shot Misses the Net.
10:46 of 2nd period - Snap shot by Tim Schaller.
10:46 of 2nd period - Deflect By Taylor Beck.
10:46 of 2nd period - Deflect By Brady Skjei.
10:46 of 2nd period - Goal by Taylor Beck - Diables : 2 - Mustangs : 6.
10:47 of 2nd period - David Desharnais wins face-off versus Tim Schaller in neutral zone.
10:50 of 2nd period - Slapshot by Andrew Shaw.
10:50 of 2nd period - Stopped by Garret Sparks without a rebound.
10:51 of 2nd period - David Desharnais wins face-off versus Tim Schaller in Diables zone.
11:23 of 2nd period - Slapshot by Jordan Caron.
11:23 of 2nd period - Stopped by Chet Pickard without a rebound.
11:24 of 2nd period - Nick Bjugstad wins face-off versus Stefan Matteau in Mustangs zone.
12:16 of 2nd period - Wrist shot by Pascal Dupuis.
12:16 of 2nd period - Stopped by Garret Sparks with a rebound.
12:18 of 2nd period - Snap shot by Mark Pysyk.
12:18 of 2nd period - Stopped by Garret Sparks with a rebound.
12:49 of 2nd period - Minor Penalty to Stefan Matteau for High sticking.
12:50 of 2nd period - Tim Schaller wins face-off versus Jim O'Brien in Mustangs zone.
14:36 of 2nd period - Derek Joslin is hit by Mikko Lehtonen and loses puck.
14:49 of 2nd period - Penalty to Stefan Matteau is over, Stefan Matteau is back on ice.
15:07 of 2nd period - Wrist shot by Curtis Hamilton.
15:07 of 2nd period - Shot Blocked by Michal Repik.
15:09 of 2nd period - Backhand shot by Ben Harpur.
15:09 of 2nd period - Shot Misses the Net.
15:43 of 2nd period - Snap shot by Curtis Hamilton.
15:43 of 2nd period - Shot Blocked by Jeff Petry.
15:50 of 2nd period - Icing by Michal Repik.
15:51 of 2nd period - Stefan Matteau wins face-off versus Nick Bjugstad in Diables zone.
16:09 of 2nd period - Off-side.
16:10 of 2nd period - Tim Schaller wins face-off versus David Desharnais in neutral zone.
16:13 of 2nd period - Wrist shot by Craig Smith.
16:13 of 2nd period - Shot Misses the Net.
16:35 of 2nd period - Louis Leblanc is hit by Mark Pysyk and loses puck.
16:58 of 2nd period - Snap shot by Brandon Burlon.
16:58 of 2nd period - Shot Blocked by Mark Pysyk.
17:24 of 2nd period - Wrist shot by Pascal Dupuis.
17:24 of 2nd period - Shot Misses the Net.
17:52 of 2nd period - Snap shot by Michal Repik.
17:52 of 2nd period - Shot Blocked by JT Compher.
17:54 of 2nd period - Backhand shot by Brian Dumoulin.
17:54 of 2nd period - Shot Misses the Net.
17:56 of 2nd period - Slapshot by Mark Fraser.
17:56 of 2nd period - Stopped by Chet Pickard with a rebound.
18:12 of 2nd period - Snap shot by Francis Paré.
18:12 of 2nd period - Goal by Francis Paré - Diables : 2 - Mustangs : 7.
18:13 of 2nd period - David Desharnais wins face-off versus Tim Schaller in neutral zone.
18:41 of 2nd period - Christian Thomas is hit by Joshua Leivo and loses puck.
19:09 of 2nd period - Snap shot by Mikko Lehtonen.
19:09 of 2nd period - Shot Blocked by Jerome Samson.
19:21 of 2nd period - Pavel Valentenko is hit by Mark Pysyk.
Goals for this period are 1 for Diables vs 2 for Mustangs.
Shots for this period are 11 for Diables vs 8 for Mustangs.
3rd period
0:01 of 3rd period - David Desharnais wins face-off versus Tim Schaller in neutral zone.
0:06 of 3rd period - Wrist shot by Tomas Tatar.
0:06 of 3rd period - Stopped by Garret Sparks with a rebound.
0:08 of 3rd period - Wrist shot by David Desharnais.
0:08 of 3rd period - Shot Blocked by Brandon Burlon.
0:10 of 3rd period - Snap shot by Andrew Shaw.
0:10 of 3rd period - Shot Misses the Net.
0:12 of 3rd period - Snap shot by Tomas Tatar.
0:12 of 3rd period - Shot Blocked by Carl Gunnarsson.
0:14 of 3rd period - Wrist shot by Tomas Tatar.
0:14 of 3rd period - Shot Misses the Net.
0:16 of 3rd period - Snap shot by David Desharnais.
0:16 of 3rd period - Stopped by Garret Sparks with a rebound.
0:26 of 3rd period - Derek Joslin is hit by Christian Thomas and loses puck.
0:33 of 3rd period - Snap shot by Jordan Caron.
0:33 of 3rd period - Shot Blocked by Brady Skjei.
0:35 of 3rd period - Snap shot by Jordan Caron.
0:35 of 3rd period - Shot Misses the Net.
0:37 of 3rd period - Wrist shot by Christian Thomas.
0:37 of 3rd period - Deflect By Jordan Caron.
0:37 of 3rd period - Shot Misses the Net.
0:37 of 3rd period - Puck is out of play.
0:38 of 3rd period - Tim Schaller wins face-off versus David Desharnais in Mustangs zone.
0:39 of 3rd period - Snap shot by Craig Smith.
0:39 of 3rd period - Stopped by Chet Pickard with a rebound.
0:41 of 3rd period - Wrist shot by Craig Smith.
0:41 of 3rd period - Stopped by Chet Pickard with a rebound.
0:51 of 3rd period - Wrist shot by Taylor Beck.
0:51 of 3rd period - Shot Misses the Net.
0:56 of 3rd period - Minor Penalty to Tomas Tatar for Holding.
0:57 of 3rd period - Jim O'Brien wins face-off versus Tim Schaller in Mustangs zone.
1:04 of 3rd period - Off-side.
1:05 of 3rd period - Taylor Beck wins face-off versus Jim O'Brien in neutral zone.
1:08 of 3rd period - Slapshot by Carl Gunnarsson.
1:08 of 3rd period - Shot Misses the Net.
1:10 of 3rd period - Wrist shot by Taylor Beck.
1:10 of 3rd period - Deflect By Tim Schaller.
1:10 of 3rd period - Goal by Tim Schaller - Diables : 3 - Mustangs : 7.
1:11 of 3rd period - Tim Schaller wins face-off versus David Desharnais in neutral zone.
1:36 of 3rd period - Brandon Burlon is hit by Stefan Matteau and loses puck.
1:41 of 3rd period - Wrist shot by Pascal Dupuis.
1:41 of 3rd period - Goal by Pascal Dupuis - Diables : 3 - Mustangs : 8.
1:41 of 3rd period - Malcolm Subban enters game.
1:42 of 3rd period - Tim Schaller wins face-off versus David Desharnais in neutral zone.
2:20 of 3rd period - Wrist shot by Pascal Dupuis.
2:20 of 3rd period - Stopped by Malcolm Subban with a rebound.
2:38 of 3rd period - Off-side.
2:39 of 3rd period - Tim Schaller wins face-off versus David Desharnais in neutral zone.
2:41 of 3rd period - Off-side.
2:42 of 3rd period - David Desharnais wins face-off versus Tim Schaller in neutral zone.
2:54 of 3rd period - Minor Penalty to Taylor Beck for High sticking.
2:55 of 3rd period - David Desharnais wins face-off versus Craig Smith in Diables zone.
3:27 of 3rd period - Snap shot by Stefan Matteau.
3:27 of 3rd period - Shot Misses the Net.
4:54 of 3rd period - Penalty to Taylor Beck is over, Taylor Beck is back on ice.
5:04 of 3rd period - Wrist shot by Taylor Beck.
5:04 of 3rd period - Stopped by Chet Pickard without a rebound.
5:05 of 3rd period - Jim O'Brien wins face-off versus Louis Leblanc in Mustangs zone.
5:05 of 3rd period - Jim O'Brien is hit by Mikko Lehtonen.
5:39 of 3rd period - Wrist shot by Nick Bjugstad.
5:39 of 3rd period - Stopped by Chet Pickard without a rebound.
5:40 of 3rd period - Tim Schaller wins face-off versus Stefan Matteau in Mustangs zone.
5:41 of 3rd period - Snap shot by Craig Smith.
5:41 of 3rd period - Shot Blocked by Stefan Matteau.
5:46 of 3rd period - Off-side.
5:47 of 3rd period - Craig Smith wins face-off versus Stefan Matteau in neutral zone.
6:55 of 3rd period - Alexei Marchenko is hit by Brian Dumoulin and loses puck.
7:04 of 3rd period - Slapshot by Brian Dumoulin.
7:04 of 3rd period - Stopped by Chet Pickard with a rebound.
7:25 of 3rd period - Wrist shot by Jordan Caron.
7:25 of 3rd period - Stopped by Chet Pickard without a rebound.
7:26 of 3rd period - Nick Bjugstad wins face-off versus David Desharnais in Mustangs zone.
8:51 of 3rd period - Wrist shot by Andrew Shaw.
8:51 of 3rd period - Shot Misses the Net.
9:09 of 3rd period - Louis Leblanc is hit by Joshua Leivo and loses puck.
9:14 of 3rd period - Slapshot by Louis Leblanc.
9:14 of 3rd period - Shot Misses the Net.
9:24 of 3rd period - Wrist shot by Jordan Caron.
9:24 of 3rd period - Shot Blocked by Stefan Matteau.
9:26 of 3rd period - Snap shot by Nick Bjugstad.
9:26 of 3rd period - Shot Misses the Net.
9:30 of 3rd period - Wrist shot by Jordan Caron.
9:30 of 3rd period - Shot Misses the Net.
9:46 of 3rd period - JT Compher is hit by Craig Smith and loses puck.
10:48 of 3rd period - Double Minor Penalty to Jim O'Brien for Roughing.
10:49 of 3rd period - Tim Schaller wins face-off versus Stefan Matteau in Mustangs zone.
10:51 of 3rd period - Wrist shot by Tim Schaller.
10:51 of 3rd period - Shot Blocked by Mark Pysyk.
10:53 of 3rd period - Backhand shot by Brian Dumoulin.
10:53 of 3rd period - Stopped by Chet Pickard with a rebound.
10:55 of 3rd period - Slapshot by Brian Dumoulin.
10:55 of 3rd period - Deflect By Taylor Beck.
10:55 of 3rd period - Goal by Taylor Beck - Diables : 4 - Mustangs : 8.
10:56 of 3rd period - Stefan Matteau wins face-off versus Tim Schaller in neutral zone.
12:55 of 3rd period - Penalty to Jim O'Brien is over, Jim O'Brien is back on ice.
14:15 of 3rd period - Pavel Valentenko is hit by Mark Pysyk.
14:19 of 3rd period - Pavel Valentenko is hit by Mark Pysyk and loses puck.
14:30 of 3rd period - Tomas Tatar is hit by Mikko Lehtonen and loses puck.
14:53 of 3rd period - Wrist shot by Stefan Matteau.
14:53 of 3rd period - Stopped by Malcolm Subban with a rebound.
17:03 of 3rd period - Icing by Alexei Marchenko.
17:04 of 3rd period - David Desharnais wins face-off versus Louis Leblanc in Mustangs zone.
17:04 of 3rd period - David Desharnais is hit by Mikko Lehtonen.
17:28 of 3rd period - Christian Thomas is hit by Tomas Tatar and loses puck.
18:32 of 3rd period - Minor Penalty to Jordan Caron for Hooking.
18:33 of 3rd period - David Desharnais wins face-off versus Craig Smith in Diables zone.
18:37 of 3rd period - Slapshot by Brady Skjei.
18:37 of 3rd period - Stopped by Malcolm Subban with a rebound.
19:12 of 3rd period - Derek Joslin is hit by Mark Fraser and loses puck.
19:29 of 3rd period - Slapshot by Brady Skjei.
19:29 of 3rd period - Deflect By Tim Schaller.
19:29 of 3rd period - Stopped by Malcolm Subban without a rebound.
19:30 of 3rd period - David Desharnais wins face-off versus Craig Smith in Diables zone.
19:31 of 3rd period - Snap shot by Andrew Shaw.
19:31 of 3rd period - Deflect By Tomas Tatar.
19:31 of 3rd period - Shot Blocked by Carl Gunnarsson.
19:31 of 3rd period - Puck is out of play.
19:32 of 3rd period - David Desharnais wins face-off versus Craig Smith in Diables zone.
19:39 of 3rd period - Snap shot by Tomas Tatar.
19:39 of 3rd period - Shot Misses the Net.
19:41 of 3rd period - Slapshot by Mark Pysyk.
19:41 of 3rd period - Stopped by Malcolm Subban with a rebound.
19:43 of 3rd period - Snap shot by Andrew Shaw.
19:43 of 3rd period - Goal by Andrew Shaw - Diables : 4 - Mustangs : 9.
19:44 of 3rd period - David Desharnais wins face-off versus Tim Schaller in neutral zone.
19:53 of 3rd period - Snap shot by Andrew Shaw.
19:53 of 3rd period - Shot Misses the Net.
Goals for this period are 2 for Diables vs 2 for Mustangs.
Shots for this period are 9 for Diables vs 9 for Mustangs.
Back to the Top